 Dungeon Crawl Stone Soup version 0.29-a0-284-gf9362112df (webtiles) character file.

Game seed: 13987600142410113014

158 horus123 the Magician (level 5, 0/35 HPs)
             Began as a Demonspawn Necromancer on Mar 26, 2022.
             Slain by an ufetubus (4 damage)
             ... on level 4 of the Dungeon.
             The game lasted 00:04:10 (4142 turns).

horus123 the Magician (Demonspawn Necromancer)      Turns: 4142, Time: 00:04:10

Health: 0/35       AC:  4    Str: 14    XL:     5   Next: 16%
Magic:  3/12       EV: 12    Int: 19    God:
Gold:   207        SH:  0    Dex: 13    Spells: 6/14 levels left

rFire   . . .      SeeInvis .   (no weapon)
rCold   . . .      Faith    .   (no shield)
rNeg    . . .      Spirit   .   a - +0 robe
rPois   .          Reflect  .   (no helmet)
rElec   .          Harm     .   (no cloak)
rCorr   .          Rampage  .   (no gloves)
Will    .....                   (no boots)
Stlth   ++........              (no amulet)
HPRegen 0.11/turn               i - +6 ring of strength
MPRegen 0.13/turn               (no ring)

@: no status effects
A: claws 1, slimy green scales 1, powered by pain 1
a: no special abilities


You were on level 4 of the Dungeon.
You visited 1 branch of the dungeon, and saw 4 of its levels.

You collected 207 gold pieces.

Inventory:

Armour
 a - a +0 robe (worn)
Jewellery
 i - a +6 ring of strength (left claw)
Scrolls
 g - 5 scrolls of identify {unknown}
 h - a scroll of vulnerability {unknown}
 j - 2 scrolls of noise {unknown}
 k - a scroll of enchant armour {unknown}
 o - 2 scrolls of teleportation {unknown}
Potions
 b - 2 potions of haste {unknown}
 c - a potion of cancellation {unknown}
 d - a potion of invisibility {unknown}
 e - a potion of flight {unknown}
 f - 3 potions of brilliance {unknown}
 l - 2 potions of heal wounds {unknown}
 m - 2 potions of berserk rage {unknown}
 n - a potion of attraction {unknown}


   Skills:
 - Level 1.7 Dodging
 - Level 1.7 Stealth
 - Level 5.0 Spellcasting
 + Level 4.4 Necromancy


You had 6 spell levels left.
You knew the following spells:

 Your Spells              Type           Power      Damage    Failure   Level
a - Pain                  Necr           84%        1d8       1%          1
b - Vampiric Draining     Necr           21%        2d7       6%          3
c - Animate Dead          Necr           10%        N/A       21%         4

Your spell library contained the following spells:

 Spells                   Type           Power      Damage    Failure   Level
 Animate Skeleton         Necr           42%        N/A       1%          1
 Agony                    Necr           21%        N/A       50%         5


Dungeon Overview and Level Annotations

Branches:
Dungeon (4/15)
 Temple: D:4-7

Altars:


Innate Abilities, Weirdness & Mutations

You have sharp fingernails.
You are partially covered in slimy green scales. (AC +2)
You sometimes gain a little power by taking damage.


Message History

You kill the ball python!
The worm writhes in agony.
The worm writhes in agony.
The worm barely resists.
The worm writhes in agony.
The worm bites you.
The worm writhes in agony.
The worm barely resists.
The worm bites you!
* * * LOW HITPOINT WARNING * * *
You are too injured to fight recklessly!
You are too injured to fight recklessly!
Aiming: Pain (safe; 1% risk of failure)
Press: ? - help, Q - select action, (/) - cycle Shift-Dir - straight line, f/p - worm
Aim: a worm (almost dead, chance to affect: 85%)
The worm writhes in agony!
You kill the worm!
Unknown command.
You start resting.
An ufetubus comes into view.
An ufetubus is nearby!
You are too injured to fight recklessly!
Okay, then.
You see here a worm corpse.
The ufetubus shouts!
Things that are here:
a +0 hunting sling; a +0 club; a goblin corpse The ufetubus closely misses you. x2
The ufetubus hits you but does no damage. x2
The ufetubus barely misses you. x2
The ufetubus attacks as you move away! The ufetubus closely misses you.
The ufetubus misses you.
You miss the ufetubus. The ufetubus hits you.
* * * LOW HITPOINT WARNING * * *
The ufetubus closely misses you.
The ufetubus hits you but does no damage.
The ufetubus closely misses you.
You closely miss the ufetubus. The ufetubus closely misses you.
The ufetubus hits you.
* * * LOW HITPOINT WARNING * * *
You completely miss the ufetubus. The ufetubus hits you.
You die...

#########
##.......#
......##.#
##.##.##.###
.......... #.
#.##.#######
#.##....).†.?.#
#.@5....#####.#
######### #.#
#.# # #.##.#
#....# #.####
#.# #.# #.#


You could see an ufetubus.

Vanquished Creatures
  A scorpion (D:3)
  3 adders
  3 worms
  An orc (D:3)
  5 ball pythons
  7 bats
  4 endoplasms
  6 giant cockroaches
  3 goblins
  6 hobgoblins
  5 jackals
  A quokka (D:4)
  2 frilled lizards
  4 kobolds
  5 rats
56 creatures vanquished.

Notes
Turn   | Place    | Note
-------+----------+-------------------------------------------
     0 | D:1      | horus123 the Demonspawn Necromancer began the quest for the
                  | Orb.
     0 | D:1      | Reached XP level 1. HP: 13/13 MP: 3/3
   308 | D:1      | Gained mutation: You have sharp fingernails. [demonic
                  | ancestry]
   308 | D:1      | Reached XP level 2. HP: 16/19 MP: 2/5
   347 | D:1      | Found a faded altar of an unknown god.
   677 | D:1      | Reached skill level 3 in Spellcasting
  1254 | D:2      | Gained mutation: You are partially covered in slimy green
                  | scales. (AC +2) [demonic ancestry]
  1254 | D:2      | Reached XP level 3. HP: 22/24 MP: 4/7
  1965 | D:2      | You fall into a shaft and drop 1 floor!
  2009 | D:3      | Noticed a scorpion
  2019 | D:3      | Killed a scorpion
  2020 | D:3      | Reached skill level 4 in Spellcasting
  2020 | D:3      | Reached XP level 4. HP: 6/30 MP: 7/10
  2309 | D:2      | Learned a level 3 spell: Vampiric Draining
  2314 | D:2      | Learned a level 4 spell: Animate Dead
  3266 | D:3      | Gained mutation: You sometimes gain a little power by
                  | taking damage. [demonic ancestry]
  3266 | D:3      | Reached XP level 5. HP: 34/35 MP: 10/12
  3956 | D:4      | Reached skill level 5 in Spellcasting
  4142 | D:4      | Slain by an ufetubus

Illustrated notes

Levels and vault maps discovered:
D:1:      sevenhm_arrival_forest_fort_small_4, layout_basic,
          shapermc_ecumenical_altar_flowoftime
D:2:      layout_basic, st_stairs_1
D:3:      layout_basic, grunt_decor_one_mirror
D:4:      layout_loops_ring, elyvilon_altar_3, minmay_temple_entry_purple_smoke,
          ebering_ghost_sewer_f, guppyfry_shop_venom

Skill      XL: |  1  2  3  4  5 |
---------------+----------------+-----
Spellcasting   | 3 4 5 |  5.0
Dodging        | |  1.7
Stealth        | |  1.7
Necromancy     | |  4.4

Action                   |  1- 3 |  4- 6 || total
-------------------------+-------+-------++-------
Melee: Unarmed           |       |     3 ||     3
 Cast: Pain              |    71 |    52 ||   123
  Use: Potion            |     1 |       ||     1
Armor: Robe              |     3 |     6 ||     9
Dodge: Dodged            |    11 |    20 ||    31

Table legend: (Time is in decaauts)
 A = Elapsed time spent in this place.
 B = Non-inter-level travel time spent in this place.
 C = Inter-level travel time spent in this place.
 D = Time resting spent in this place.
 E = Time spent auto-exploring this place.
 F = Levels seen in this place.
 G = Mean time per level.
                   A        B        C        D        E       F      G
               +--------+--------+--------+--------+--------+-----+--------+
         Total |   4147 |   4057 |     90 |    482 |   3210 |   4 | 1036.8 |
       Dungeon |   4147 |   4057 |     90 |    482 |   3210 |   4 | 1036.8 |
               +--------+--------+--------+--------+--------+-----+--------+

Top non-repeatable levels by time:
     D:3: 1574 daAuts
     D:2: 1170 daAuts
     D:1: 1149 daAuts
     D:4: 253 daAuts
